 Dungeon Crawl Stone Soup version 0.28.0-53-g5a82cb258f (webtiles) character file.

Game seed: 15268995882180391450

407 mcbry74 the Firebug (level 6, -3/45 HPs)
             Began as a Hill Orc Fire Elementalist on July 9, 2022.
             Slain by Pikel
             ... wielding a +0 whip of flaming
              (9 damage)
             ... on level 3 of the Dungeon.
             The game lasted 00:19:35 (5137 turns).

mcbry74 the Firebug (Hill Orc Fire Elementalist)    Turns: 5137, Time: 00:19:35

Health: -3/45      AC:  5    Str: 11    XL:     6   Next: 88%
Magic:  1/8        EV: 11    Int: 17    God:
Gold:   131        SH:  0    Dex: 11    Spells: 5/8 levels left

rFire   . . .      SeeInvis .   m - +2 quarterstaff (chaos)
rCold   . . .      Faith    .   (shield currently unavailable)
rNeg    . . .      Spirit   .   c - +0 leather armour
rPois   .          Reflect  .   f - +0 helmet
rElec   .          Harm     .   n - +0 cloak
rCorr   .          Rampage  .   (no gloves)
Will    .....                   (no boots)
Stlth   +.........              (no amulet)
HPRegen 0.15/turn               k - ring of flight
MPRegen 0.11/turn               (no ring)

@: flying
A: no striking features
a: no special abilities


You were on level 3 of the Dungeon.
You visited 1 branch of the dungeon, and saw 4 of its levels.

You collected 131 gold pieces.

Inventory:

Hand Weapons
 d - a +0 dagger
 m - a +2 quarterstaff of chaos (weapon)
Missiles
 e - 145 stones (quivered)
Armour
 a - a +0 robe
 c - a +0 leather armour (worn)
 f - a +0 helmet (worn)
 h - the +8 ring mail of the Everdark {rElec rN+++ Str-4 Dex+5}
   (You found it on level 2 of the Dungeon)

   Str:       It affects your strength (-4).
   Dex:       It affects your dexterity (+5).
   rElec:     It insulates you from electricity.
   rN:        It renders you almost immune to negative energy.
 n - a +0 cloak (worn)
Jewellery
 k - a ring of flight (left hand)
 o - an amulet of reflection
Wands
 r - a wand of flame (18)
 u - a wand of iceblast (9)
Scrolls
 g - a scroll of noise {unknown}
 i - 5 scrolls of teleportation {unknown}
 j - 2 scrolls of fog {unknown}
 l - a scroll of enchant armour {unknown}
 q - 2 scrolls of identify {unknown}
 v - a scroll of vulnerability {unknown}
Potions
 b - a potion of invisibility {unknown}
 p - a potion of haste {unknown}
 s - a potion of brilliance {unknown}
 t - a potion of might {unknown}


   Skills:
 + Level 3.1 Armour
 - Level 1.5 Dodging
 - Level 1.5 Stealth
 - Level 1.5 Spellcasting
 + Level 3.2 Conjurations
 * Level 6.5 Fire Magic


You had 5 spell levels left.
You knew the following spells:

 Your Spells              Type           Power      Damage    Failure   Level
a - Foxfire               Conj/Fire      68%        2x1d7     3%          1
b - Scorch                Fire           46%        2d7       2%          2

Your spell library contained the following spells:

 Spells                   Type           Power      Damage    Failure   Level
 Magic Dart               Conj           48%        1d5       7%          1
 Conjure Flame            Conj/Fire      17%        6-21      11%         3
 Inner Flame              Hex/Fire       12%        N/A       21%         3
 Flame Wave               Conj/Fire      17%        2d6       34%         4
 Call Imp                 Summ           1%         N/A       36%         2
 Mephitic Cloud           Conj/Pois/Air  4%         N/A       45%         3


Dungeon Overview and Level Annotations

Branches:
Dungeon (4/15)
 Temple: D:4-7

Altars:

Annotations:
D:3 Pikel


Message History

Pikel is lightly wounded.
Pikel's fire resistance burns away.
Casting: Scorch (safe; 2% risk of failure)
Confirm with . or Enter, or press ? or * to list all spells.
Flames lash Pikel but do no damage.
Pikel zaps a wand.
You barely resist.
Casting: Scorch (safe; 2% risk of failure)
Confirm with . or Enter, or press ? or * to list all spells.
Flames lash Pikel.
Pikel is burned terribly!
Pikel is heavily wounded.
Pikel hits you with a +0 whip of flaming.
Pikel burns you.
Casting: Scorch (safe; 2% risk of failure)
Confirm with . or Enter, or press ? or * to list all spells.
Flames lash Pikel.
Pikel is burned terribly!
Pikel is severely wounded.
Pikel misses you.
You hit Pikel but do no damage.
Pikel goes berserk!
Pikel is severely wounded.
Pikel hits you with a +0 whip of flaming.
Pikel burns you.
Pikel hits you with a +0 whip of flaming.
Pikel burns you.
You sock Pikel!
Pikel resists with almost no effort.
Pikel is almost dead.
Pikel hits you with a +0 whip of flaming!
Pikel burns you.
You barely miss Pikel.
Pikel is almost dead.
Pikel hits you with a +0 whip of flaming!
* * * LOW HITPOINT WARNING * * *
Pikel burns you.
* * * LOW HITPOINT WARNING * * *
Pikel hits you with a +0 whip of flaming.
* * * LOW HITPOINT WARNING * * *
Pikel burns you.
* * * LOW HITPOINT WARNING * * *
You barely miss Pikel.
Pikel is almost dead.
Pikel hits you with a +0 whip of flaming!
You die...

##.#.#.#######.# #.# ###..##
##.....# #.# #.# #.....# ##.....#
#.# #.# #.#.... .......# #.######
#.# #.#.... ####)### #).....#
#.###.##.## #.# ##.####.#
#........# #.# #..)###.#
#####)#### ##'##
#...K...###.......# ##...##
#...@.......##....# ##....>##
##.###..##..##....# #.......##
##......##..##....#
........)####...##.###..##....###
.........'.......................
.........####...######..##....###
#.......## #..#######..##.#..#
##.....## #.................#
##...## #.############.#####


You could see Pikel (berserk, combustible).

Vanquished Creatures
  A necrophage (D:4)
  2 lemures
  A scorpion (D:3)
  A water moccasin skeleton (D:4)
  Crazy Yiuf (D:2)
  Jessica (D:3)
  4 adders (D:2)
  4 gnolls (D:3)
  A worm (D:3)
  4 dart slugs
  An orc (D:3)
  2 bats
  5 endoplasms
  6 giant cockroaches
  6 goblins
  7 hobgoblins
  15 jackals
  4 quokkas
  8 ball pythons
  2 frilled lizards (D:2)
  4 kobolds
  A quokka skeleton (D:4)
  3 rats
84 creatures vanquished.

Vanquished Creatures (others)
  135 foxfires
135 creatures vanquished.

Grand Total: 219 creatures vanquished

Notes
Turn   | Place    | Note
-------+----------+-------------------------------------------
     0 | D:1      | mcbry74 the Hill Orc Fire Elementalist began the quest for
                  | the Orb.
     0 | D:1      | Reached XP level 1. HP: 14/14 MP: 3/3
   314 | D:1      | Reached XP level 2. HP: 20/20 MP: 0/4
   609 | D:1      | Learned a level 2 spell: Scorch
   844 | D:1      | Reached skill level 4 in Fire Magic
   990 | D:2      | Found a faded altar of an unknown god.
  1003 | D:2      | Reached XP level 3. HP: 26/26 MP: 1/5
  1104 | D:2      | Identified the +8 ring mail of the Everdark {rElec rN+++
                  | Str-4 Dex+5}
  1920 | D:2      | Reached XP level 4. HP: 33/33 MP: 3/6
  2105 | D:2      | Reached skill level 1 in Armour
  2427 | D:2      | Found a runed translucent door.
  2428 | D:2      | Noticed Crazy Yiuf
  2433 | D:2      | Killed Crazy Yiuf
  2434 | D:2      | Reached skill level 5 in Fire Magic
  2657 | D:3      | Reached XP level 5. HP: 38/38 MP: 0/7
  3292 | D:3      | Reached XP level 6. HP: 45/45 MP: 6/8
  3524 | D:3      | Noticed Jessica
  3529 | D:3      | Killed Jessica
  4104 | D:4      | Noticed a necrophage
  4124 | D:4      | Killed a necrophage
  4125 | D:4      | Reached skill level 6 in Fire Magic
  4634 | D:4      | Noticed Pikel
  5137 | D:3      | Slain by Pikel

Illustrated notes

Levels and vault maps discovered:
D:1:      dpeg_arrival_erosion, layout_loops_ring
D:2:      minmay_skewed_foursquare, layout_rooms,
          hellmonk_ecumenical_altar_arch_garden, grunt_decor_arrowhead,
          uniq_crazy_yiuf_cottage
D:3:      layout_loops_corners, chequers_serial_rivers_room_a, uniq_jessica
D:4:      layout_cave_pods, uniq_pikel

Skill      XL: |  1  2  3  4  5  6 |
---------------+-------------------+-----
Fire Magic     | 4 5 6 |  6.5
Conjurations   | 2 3 |  3.2
Armour         | 1 2 3 |  3.1
Dodging        | |  1.5
Stealth        | |  1.5
Spellcasting   | |  1.5

Action                   |  1- 3 |  4- 6 || total
-------------------------+-------+-------++-------
Melee: Dagger            |    22 |     5 ||    27
       Punch             |     2 |       ||     2
       Quarterstaff      |       |    18 ||    18
 Cast: Foxfire           |    51 |    30 ||    81
       Scorch            |     4 |    53 ||    57
 Stab: Sleeping          |       |     1 ||     1
Armor: Robe              |    15 |     3 ||    18
       Leather armour    |       |     3 ||     3
Dodge: Dodged            |    43 |    32 ||    75
